 Dungeon Crawl Stone Soup version 0.17-a0-995-gb5fa8d7 (webtiles) character file.

5051 oplop the Spear-Bearer (level 10, -12/91 HPs)
             Began as a Merfolk Chaos Knight on May 12, 2015.
             Mangled by an iron golem (24 damage)
             ... on level 9 of the Dungeon.
             The game lasted 00:38:21 (8698 turns).

oplop the Spear-Bearer (Merfolk Chaos Knight)       Turns: 8698, Time: 00:38:22

Health: -12/91     AC:  8    Str: 15    XL:     10   Next: 56%
Magic:  14/14      EV: 21    Int: 11    God:    Xom [.*....]
Gold:   605        SH:  0    Dex: 17    Spells: 0 memorised, 9 levels left

rFire  . . .     SeeInvis .     a - +1 spear (chaos)
rCold  . . .     Clarity  .     b - +2 leather armour
rNeg   . . .     SustAb   .     v - +0 buckler
rPois  .         Gourm    .     (no helmet)
rElec  .         Spirit   .     (no cloak)
rCorr  .         Warding  .     J - +2 pair of gloves
rMut   .         Stasis   .     (no boots)
MR     .....                    (no amulet)
Stlth  +.........               h - +4 ring of evasion
                                g - +2 ring of strength

@: confused, not resistant to hostile enchantments, very unstealthy
A: change form in water, swift swim, high mp 1, robust 1, evolution 1
a: Renounce Religion


You were on level 9 of the Dungeon.
You worshipped Xom.
You were a plaything of Xom.
You were not hungry.

You visited 1 branch of the dungeon, and saw 9 of its levels.
You also visited: Ossuary.

You collected 605 gold pieces.

Inventory:

Hand weapons
 a - a +1 spear of chaos (weapon)
 F - a +0 glaive
 L - a +0 blowgun
Missiles
 i - 12 tomahawks (quivered)
 q - 79 poisoned needles
 A - a throwing net
 K - 4 needles of frenzy
Armour
 b - a +2 leather armour (worn)
 f - the +0 helmet "Finun" {rPois rCorr Dex+2}
   (You found it on level 7 of the Dungeon)

   It affects your dexterity (+2).
   It protects you from poison.
   It protects you from acid and corrosion.
 v - a +0 buckler (worn)
 D - the +6 crystal plate armour of the Frog {Confusing rC+ MR+ Dex+3}
   (Xom gifted it to you on level 8 of the Dungeon)

   It affects your dexterity (+3).
   It protects you from cold.
   It affects your resistance to hostile enchantments.
   It may confuse you when you take damage.
 G - a +0 leather armour of positive energy
 J - a +2 pair of gloves (worn)
Magical staves
 p - an uncursed staff of wizardry
Rods
 R - a +6 rod of ignition (12/12)
   (Xom gifted it to you on level 7 of the Dungeon)
Jewellery
 g - a +2 ring of strength (left hand)
 h - a +4 ring of evasion (right hand)
 U - an uncursed ring of magical power
Magical devices
 x - a wand of disintegration (10)
 B - a wand of fireball (8)
Scrolls
 d - 7 scrolls of remove curse
 j - a scroll of enchant armour {unknown}
 n - a scroll of torment {unknown}
 o - a scroll of random uselessness
 z - 2 scrolls of identify
 C - a scroll of amnesia {unknown}
 E - a scroll of enchant weapon
 I - a scroll of blinking {unknown}
 P - a scroll of immolation
 Q - 2 scrolls of magic mapping
 V - a scroll of teleportation
Potions
 e - a potion of cure mutation
 k - a potion of ambrosia
 l - 3 potions of curing
 m - a potion of cancellation
 s - 3 potions of mutation
 t - 3 potions of brilliance
 u - 3 potions of agility
 w - 3 potions of flight
 S - a potion of poison {unknown}
 W - a potion of heal wounds {unknown}
 X - a potion of might {unknown}
Books
 y - a book of Alchemy

   Spells                             Type                      Level
   a - Sublimation of Blood           Necromancy                   2
   b - Ignite Poison                  Fire/Transmutation/Poison    3
   c - Alistair's Intoxication        Transmutation/Poison         4
   d - Condensation Shield            Ice                          4
   e - Petrify                        Transmutation/Earth          4
   f - Irradiate                      Conjuration/Transmutation    5
 M - a book of Necromancy

   Spells                             Type                      Level
   a - Pain                           Necromancy                   1
   b - Animate Skeleton               Necromancy                   1
   c - Vampiric Draining              Necromancy                   3
   d - Regeneration                   Charms/Necromancy            3
   e - Animate Dead                   Necromancy                   4
   f - Control Undead                 Necromancy                   4
 T - a book of Control

   Spells                             Type                      Level
   a - Control Teleport               Charms/Translocation         4
   b - Control Undead                 Necromancy                   4
   c - Metabolic Englaciation         Hexes/Ice                    5
   d - Mass Confusion                 Hexes                        6
Comestibles
 c - 9 bread rations
 N - 2 meat rations


   Skills:
 + Level 9.1 Fighting
 + Level 11.4 Polearms
 + Level 7.0 Throwing
 - Level 0.6 Armour
 - Level 8.6 Dodging
 - Level 2.2 Shields
 + Level 4.1 Evocations


You had 9 spell levels left.
You didn't know any spells.

Dungeon Overview and Level Annotations

Branches:
Dungeon (9/15)             Temple (0/1) D:5            Lair (0/8) D:8
    Orc: D:9-12

Altars:
Ashenzari
Dithmenos
Elyvilon
Fedhas
Kikubaaqudgha
Ru
Sif Muna
Trog
Vehumet
Xom
Yredelemnul
Zin
The Shining One


Innate Abilities, Weirdness & Mutations

You revert to your normal form in water.
You are very nimble and swift while swimming.
You have an increased reservoir of magic (+10% MP).
You are robust (+10% HP).
You evolve.


Message History

It was a potion of mutation.
You feel extremely strange.
You feel robust.
Drink which item? (? for menu, Esc to quit)
It was a potion of magic.
Magic courses through your body.
Xom roars with laughter!
The iron golem barely misses your butterfly.
Drink which item? (? for menu, Esc to quit)
It was a potion of cancellation.
Your magical effects are unravelling.
Your magical contamination has completely faded away.
You feel magically purged.
You flicker back into view.
You feel a little less agile now.
You feel a little less clever now.
The iron golem barely misses your butterfly.
Drink which item? (? for menu, Esc to quit)
It was a potion of ambrosia.
You are confused.
You feel invigorated.
You float gracefully downwards.
The iron golem hits you!!
You die...
Xom guffaws!

######.............##############
.................................
..............Z..................
.................................
#######################..........
#...T...... #..........
#######################..........
............>..8@b8..b.(.........
#################################


You could see 2 iron golems.

Vanquished Creatures
  A fire drake (D:8)
  A deep elf mage (D:9)
  A spriggan (D:9)
  2 wraiths (D:9)
  A hungry ghost (D:8)
  An ice beast (D:5)
  A black bear (D:9)
  2 orc warriors
  2 necrophages
  2 centaurs
  2 ogres
  A big kobold (D:9)
  2 elf zombies
  A giant frog (D:6)
  A wyvern skeleton (D:9)
  A water moccasin zombie (D:6)
  A scorpion (D:5)
  13 killer bees
  5 wights (D:7)
  6 crimson imps
  5 hounds
  2 giant frog zombies
  A human zombie (Ossuary)
  A centaur skeleton (D:6)
  A quasit (D:6)
  A gnoll shaman (D:5)
  2 centaur zombies
  An iguana (D:7)
  A jelly (D:7)
  An orc priest (D:3)
  2 human skeletons (D:9)
  11 orc wizards
  4 worker ants
  A killer bee zombie (D:9)
  2 hound skeletons
  3 mummies
  12 gnolls
  5 adders
  3 shadow imps
  A white imp (D:9)
  3 oozes
  3 adder zombies
  An adder skeleton (D:5)
  3 worms
  4 giant geckos
  28 orcs
  An orc (shapeshifter) (D:3)
  17 bats
  A bat skeleton (D:4)
  5 giant cockroaches
  10 goblins
  12 hobgoblins
  11 jackals
  14 kobolds
  3 giant newts
  A goblin skeleton (D:9)
  2 goblin zombies (Ossuary)
  9 hobgoblin zombies
  2 jackal zombies (Ossuary)
  A kobold skeleton (D:9)
  8 kobold zombies (Ossuary)
  10 orc zombies
  4 quokkas
  A quokka skeleton (D:5)
  13 rats
  A rat zombie (Ossuary)
  A butterfly (D:5)
276 creatures vanquished.

Vanquished Creatures (collateral kills)
  Prince Ribbit (D:5)
  A hippogriff (D:7)
  The ghost of Sphara the Ruffian, an average TrTm of Cheibriados (D:3)
  Blork the orc (D:5)
  A centaur zombie (Ossuary)
  A centaur skeleton (D:5)
  A human zombie (Ossuary)
  A human skeleton (D:9)
  An adder (D:3)
  An ooze (D:2)
  4 orcs
  2 giant cockroaches
  A hobgoblin zombie (Ossuary)
17 creatures vanquished.

Vanquished Creatures (others)
  A sky beast (D:7)
  A human (D:2)
  A crimson imp (D:7)
  A quasit (D:7)
  An orc wizard (D:7)
  2 iron imps (D:7)
  A human zombie (D:9)
  A shadow imp (D:7)
  A white imp (D:5)
  An ufetubus (D:7)
  2 orcs (D:7)
  3 butterflies (D:5)
16 creatures vanquished.

Grand Total: 309 creatures vanquished

Notes
Turn   | Place    | Note
--------------------------------------------------------------
     0 | D:1      | oplop the Merfolk Chaos Knight began the quest for the Orb.
     0 | D:1      | Reached XP level 1. HP: 18/18 MP: 1/1
   122 | D:1      | Reached XP level 2. HP: 24/24 MP: 2/2
   144 | D:1      | Reached skill level 5 in Polearms
   210 | D:1      | XOM: divination: detect creatures
   236 | D:1      | XOM: harmless Air miscast
   242 | D:1      | XOM: god gift: glowing battleaxe {god gift}
   574 | D:2      | Found a radiant altar of Vehumet.
   585 | D:2      | Reached XP level 3. HP: 26/29 MP: 3/3
   698 | D:2      | XOM: god gift: weird runed staff {god gift}
   768 | D:2      | XOM: summons 3 friendly demons
   865 | D:2      | Found an ancient bone altar of Kikubaaqudgha.
   865 | D:2      | Noticed a human
   868 | D:2      | Killed a human
   956 | D:2      | XOM: give mutations
   956 | D:2      | Gained mutation: You evolve. [Xom's grace]
   956 | D:2      | Gained mutation: You are agile. (Dex +2) [Xom's grace]
  1050 | D:2      | XOM: give mutations
  1050 | D:2      | Gained mutation: You are occasionally teleported to nearby monsters. [Xom's mischief]
  1050 | D:2      | Lost mutation: You are agile. (Dex +2) [Xom's mischief]
  1050 | D:2      | Gained mutation: You are covered in fur (AC +1). [Xom's mischief]
  1050 | D:2      | Gained mutation: You are surrounded by a mild repulsion field (EV +2). [Xom's mischief]
  1260 | D:3      | Reached XP level 4. HP: 34/37 MP: 4/4
  1271 | D:3      | Gained mutation: You can spit weak poison. [mutagenic meat]
  1272 | D:3      | Lost mutation: You can spit weak poison. [mutagenic meat]
  1277 | D:3      | Found a sacrificial altar of Ru.
  1283 | D:3      | XOM: swap monsters
  1369 | D:3      | XOM: 1-stop teleportation journey
  1375 | D:3      | Noticed Sphara's ghost (average TrTm)
  1400 | D:3      | XOM: swap monsters
  1403 | D:3      | XOM: smoke on damage
  1420 | D:3      | HP: 1/37 [Sphara's ghost (13)]
  1731 | D:3      | Reached skill level 1 in Throwing
  1771 | D:3      | Reached XP level 5. HP: 26/42 MP: 5/5
  1839 | D:3      | Reached skill level 6 in Polearms
  1841 | D:3      | Killed Sphara's ghost
  2248 | D:3      | XOM: god gift: 51 gold pieces
  2276 | D:3      | Reached XP level 6. HP: 43/49 MP: 6/6
  2371 | D:3      | XOM: divination: detect creatures
  2543 | D:4      | Found a shattered altar of Ashenzari.
  2550 | D:4      | Gained mutation: You expend magic power (3 MP) to strengthen your wands. [evolution]
  2583 | D:4      | Found a bloodstained altar of Trog.
  2657 | D:4      | XOM: god gift: paperback book {god gift}
  2876 | D:4      | Reached skill level 5 in Dodging
  3018 | D:1      | XOM: silly message
  3103 | D:3      | XOM: medium Conj miscast
  3264 | D:4      | Reached skill level 5 in Fighting
  3293 | D:4      | XOM: vitrification
  3375 | D:4      | Reached XP level 7. HP: 46/56 MP: 7/7
  3871 | D:5      | Entered Level 5 of the Dungeon
  3971 | D:5      | Reached skill level 7 in Polearms
  3996 | D:5      | Reached skill level 1 in Shields
  3998 | D:5      | XOM: mild Pois miscast
  4029 | D:5      | XOM: colour smoke trail
  4032 | D:5      | Found a staircase to the Ecumenical Temple.
  4032 | D:5      | XOM: cast spell 'Summon Butterflies'
  4080 | D:5      | XOM: medium Trmt miscast
  4156 | D:5      | Noticed Blork the orc
  4158 | D:5      | XOM: summons 7 friendly demons
  4172 | D:5      | Killed Blork the orc
  4226 | D:5      | Noticed Prince Ribbit
  4228 | D:5      | XOM: potion effect (haste)
  4229 | D:5      | XOM: summons 7 friendly demons
  4239 | D:5      | Killed Prince Ribbit
  4239 | D:5      | Reached XP level 8. HP: 56/64 MP: 8/8
  4286 | D:5      | XOM: noise
  4380 | D:5      | Found a shimmering altar of Xom.
  4388 | D:5      | XOM: give mutations
  4388 | D:5      | Gained mutation: You have an increased reservoir of magic (+10% MP). [Xom's grace]
  4388 | D:5      | Gained mutation: You are partially covered in thin metallic scales (AC +2). [Xom's grace]
  4388 | D:5      | Gained mutation: You have a pair of small horns on your head. [Xom's grace]
  4388 | D:5      | Gained mutation: You have sharp fingernails. [Xom's grace]
  4538 | D:6      | XOM: 8-stop teleportation journey
  4561 | D:6      | XOM: swap monsters
  4579 | D:6      | Reached skill level 8 in Polearms
  4579 | D:6      | XOM: polymorph crimson imp -> quasit
  4589 | D:6      | XOM: swap monsters
  4613 | D:6      | Found a white marble altar of Elyvilon.
  4672 | D:6      | XOM: 6-stop teleportation journey
  5088 | D:6      | Found a shadowy altar of Dithmenos.
  5504 | D:7      | XOM: summons 7 friendly demons
  5516 | D:7      | Reached skill level 9 in Polearms
  5516 | D:7      | Reached XP level 9. HP: 69/72 MP: 9/9
  5538 | D:7      | XOM: destruction
  5558 | D:7      | XOM: harmless Necr miscast
  5575 | D:7      | Found a sand-covered staircase.
  5709 | Ossuary  | Entered an ossuary
  5856 | Ossuary  | XOM: potion effect (brilliance)
  5865 | Ossuary  | XOM: summons friendly iron imp
  5888 | Ossuary  | XOM: 2-stop teleportation journey
  5936 | Ossuary  | Reached skill level 5 in Throwing
  5941 | Ossuary  | XOM: confuse monster(s)
  6129 | D:7      | Lost mutation: You are covered in fur (AC +1). [evolution]
  6225 | D:7      | XOM: god gift: long glowing rod {god gift}
  6229 | D:7      | XOM: confuse monster(s)
  6239 | D:7      | Identified a +6 rod of ignition (12/12) (Xom gifted it to you on level 7 of the Dungeon)
  6479 | D:7      | Got a scorched helmet
  6482 | D:7      | Identified the +0 helmet "Finun" {rPois rCorr Dex+2} (You found it on level 7 of the Dungeon)
  6486 | D:7      | XOM: potion effect (haste)
  6548 | D:7      | XOM: god gift: 26 gold pieces
  6614 | D:7      | XOM: mild Divn miscast
  6702 | D:7      | XOM: mild Hex miscast
  6768 | D:8      | Reached skill level 1 in Evocations
  6877 | D:8      | XOM: potion effect (berserk rage)
  6884 | D:8      | Reached skill level 10 in Polearms
  6947 | D:8      | Found a staircase to the Lair.
  6948 | D:8      | Noticed a fire drake
  6962 | D:8      | Killed a fire drake
  7188 | D:8      | XOM: vitrification
  7240 | D:8      | Reached XP level 10. HP: 79/81 MP: 13/13
  7244 | D:8      | XOM: 1-stop teleportation journey
  7259 | D:8      | XOM: god gift: warped crystal plate armour {god gift}
  7262 | D:8      | Got a warped crystal plate armour {god gift}
  7273 | D:8      | Identified the +6 crystal plate armour of the Frog {Confusing rC+ MR+ Dex+3} (Xom gifted it to you on level 8 of the Dungeon)
  7369 | D:8      | XOM: cast spell 'Statue Form'
  7516 | D:8      | XOM: god gift: robe {god gift}
  7678 | D:9      | XOM: 3-stop teleportation journey
  7706 | D:9      | XOM: enchant monster (good)
  7707 | D:9      | XOM: divination: detect creatures
  7730 | D:9      | XOM: cast spell 'Blink'
  7747 | D:9      | Found a glowing silver altar of Zin.
  7840 | D:9      | Found a glowing golden altar of the Shining One.
  7853 | D:9      | Lost mutation: You are surrounded by a mild repulsion field (EV +2). [potion of cure mutation]
  7853 | D:9      | Lost mutation: You expend magic power (3 MP) to strengthen your wands. [potion of cure mutation]
  7853 | D:9      | Lost mutation: You have a pair of small horns on your head. [potion of cure mutation]
  7853 | D:9      | Lost mutation: You are occasionally teleported to nearby monsters. [potion of cure mutation]
  7853 | D:9      | Lost mutation: You have sharp fingernails. [potion of cure mutation]
  7853 | D:9      | Lost mutation: You are partially covered in thin metallic scales (AC +2). [potion of cure mutation]
  7883 | D:9      | Reached skill level 11 in Polearms
  8139 | D:9      | Found a deep blue altar of Sif Muna.
  8139 | D:9      | Found a blossoming altar of Fedhas.
  8187 | D:8      | Noticed an iron golem
  8187 | D:8      | Noticed an iron golem
  8187 | D:8      | Noticed an iron golem
  8187 | D:8      | Noticed an iron golem
  8385 | D:9      | XOM: confusion (+ monsters)
  8389 | D:9      | XOM: enchant monster (good)
  8400 | D:9      | XOM: give mutations
  8400 | D:9      | Gained mutation: You have a pair of small horns on your head. [Xom's mischief]
  8400 | D:9      | Lost mutation: You have a pair of small horns on your head. [Xom's mischief]
  8404 | D:9      | XOM: enchant monster (good)
  8414 | D:9      | XOM: enchant monster (bad)
  8440 | D:9      | Found a basalt altar of Yredelemnul.
  8442 | D:9      | XOM: mild Summ miscast
  8469 | D:9      | XOM: blink monster(s)
  8685 | D:9      | XOM: butterfly on damage
  8686 | D:9      | XOM: blink monster(s)
  8695 | D:9      | Gained mutation: You are robust (+10% HP). [potion of mutation]
  8698 | D:9      | Mangled by an iron golem

Vault maps used:
D:1:      dpeg_arrival_rooms_a
D:2:      old_standard_altar, tgw_kikubaaqudgha
D:3:      first_bread, hangedman_ru_absence
D:4:      minmay_door_path, cheibrodos_ashenzari_chains, corexii_shack,
          minmay_misc_feat_rows, bloody_trog
D:5:      overflow_temple_1_default, minmay_temple_entry_hall,
          uniq_blork_the_orc, uniq_prince_ribbit1
D:6:      elyvilon_altar_3, kennysheep_mini, grunt_decor_arrowhead
D:7:      lightli_ossuary_entry_decrepit_ruins, minmay_misc_feat_enclosed
D:8:      cheibrodos_stairvault_heist, minmay_lair_entry_lava
D:9:      lemuel_mausoleum_altar_yredelemnul, gammafunk_temple_overflow_wave,
          nicolae_tso_besieged_by_evil, lemuel_crystal_altar, the_bakery
Ossuary:  ossuary_tomb_1

Action                   |  1- 3 |  4- 6 |  7- 9 | 10-12 || total
-------------------------+-------+-------+-------+-------++-------
Melee: Spear             |   124 |   201 |   695 |   309 ||  1329
Throw: Tomahawk          |       |     6 |    10 |    11 ||    27
  Use: Scroll            |     4 |     4 |     2 |     3 ||    13
       Potion            |       |       |       |    10 ||    10
 Stab: Confused          |       |     2 |     8 |     1 ||    11
       Petrifying        |       |     2 |       |     7 ||     9
       Paralysed         |       |     2 |     5 |     4 ||    11
       Distracted        |       |       |     4 |       ||     4
       Sleeping          |       |       |     2 |     2 ||     4
       Petrified         |       |       |       |     8 ||     8
       Invisible         |       |       |       |     1 ||     1
  Eat: Chunk             |     1 |    10 |     9 |       ||    20
       Meat ration       |       |       |     1 |     1 ||     2
       Beef jerky        |       |       |       |     2 ||     2
       Pizza             |       |       |       |     1 ||     1
